 Dungeon Crawl Stone Soup version 0.24.0-10-g970556be89 (webtiles) character file.

Game seed: 18011655409441752034, levelgen mode: deterministic

257 Lanoc the Sneak (level 6, -2/41 HPs)
             Began as a Halfling Assassin on Nov 3, 2019.
             Slain by a gnoll
             ... wielding a +0 flail
              (12 damage)
             ... on level 2 of the Dungeon.
             The game lasted 00:03:29 (1148 turns).

Lanoc the Sneak (Halfling Assassin)                 Turns: 1148, Time: 00:03:30

Health: -2/41      AC:  3    Str: 12    XL:     6   Next: 39%
Magic:  6/6        EV: 16    Int:  9    God:
Gold:   66         SH:  0    Dex: 18    Spells: 5/5 levels left

rFire    . . .     SeeInvis .   m - +0 hunting sling
rCold    . . .     Gourm    .   (shield restricted)
rNeg     . . .     Faith    .   b - +0 robe
rPois    .         Spirit   .   (no helmet)
rElec    .         Reflect  .   c - +0 cloak
rCorr    .         Harm     .   (no gloves)
MR       .....                  (no boots)
Stlth    +++.......             (no amulet)
HPRegen  0.13/turn              (no ring)
MPRegen  0.10/turn              (no ring)

@: no status effects
A: small, mutation resistance 1
a: no special abilities


You were on level 2 of the Dungeon.
You were not hungry.

You visited 1 branch of the dungeon, and saw 2 of its levels.

You collected 66 gold pieces.

Inventory:

Hand Weapons
 a - a +2 dagger
 h - a +0 dagger of venom
 m - a +0 hunting sling (weapon)
Missiles
 d - 8 poisoned darts
 e - 2 curare-tipped darts
 n - 32 stones (quivered)
Armour
 b - a +0 robe (worn)
 c - a +0 cloak (worn)
Scrolls
 g - a scroll of amnesia {unknown}
 j - a scroll of teleportation {unknown}
 l - a scroll of identify {unknown}
Potions
 k - a potion of invisibility
Comestibles
 f - a ration


   Skills:
 + Level 2.8 Fighting
 * Level 5.0 Short Blades
 + Level 1.4(2.4) Slings
 - Level 2.0(2.1) Throwing
 + Level 2.9 Dodging
 + Level 5.3 Stealth


You had 5 spell levels left.
You didn't know any spells.
Your spell library was empty.

Dungeon Overview and Level Annotations

Branches:
Dungeon (2/15)

Altars:


Innate Abilities, Weirdness & Mutations

You are small and have problems with some larger weapons.
You are somewhat resistant to further mutation.


Message History

Aim: a gnoll, wielding a +0 flail (moderately wounded)
You shoot a stone. The stone barely misses the gnoll.
The stone hits the gnoll.
The gnoll is moderately wounded.
The gnoll hits you with a +0 flail!
* * * LOW HITPOINT WARNING * * *
Firing (i - inventory. (/) - cycle)
n - 34 stones (quivered)
Press: ? - help, Shift-Dir - straight line, f/p - gnoll
Aim: a gnoll, wielding a +0 flail (moderately wounded)
You shoot a stone. The stone hits the gnoll.
The gnoll is heavily wounded.
The gnoll hits you with a +0 flail.
* * * LOW HITPOINT WARNING * * *
Firing (i - inventory. (/) - cycle)
n - 33 stones (quivered)
Press: ? - help, Shift-Dir - straight line, f/p - gnoll
Aim: a gnoll, wielding a +0 flail (heavily wounded)
You shoot a stone.
The stone hits the gnoll but does no damage.
The gnoll is heavily wounded.
The gnoll hits you with a +0 flail!
You die...

##..#### #.
#.#.########..# ##....##
#.# #.#..#.....#...
####..###..##
#.##.#.....#.#.
##...##..#
#.##.#.....#.##
###..##.###
#W##.........##
##.##...###.####.....^###
#....#...#.#.........###
#####.###.....##........#
((.(.(gg@...###########.#
#..##.####...# #.. ....
#....### #.)
##.##.#..#...# ###)) .
..#..#.#.# #.).#
.....#...## #.###
#.#..###..## ##.#
#.#..####..###..#
#.#.....#...##.##


You could see 2 gnolls.

Vanquished Creatures
  A sky beast (D:2)
  A phantom (D:2)
  Robin (D:2)
  A gnoll (D:2)
  A dart slug (D:2)
  A leopard gecko (D:2)
  3 giant cockroaches (D:1)
  5 hobgoblins
  A kobold (D:2)
  A ball python (D:1)
  4 bats (D:1)
  5 frilled lizards
  15 goblins
  4 rats
44 creatures vanquished.

Notes
Turn   | Place    | Note
-------+----------+-------------------------------------------
     0 | D:1      | Lanoc the Halfling Assassin began the quest for the Orb.
     0 | D:1      | Reached XP level 1. HP: 14/14 MP: 1/1
    70 | D:1      | Reached XP level 2. HP: 14/19 MP: 2/2
   623 | D:1      | Reached XP level 3. HP: 24/24 MP: 3/3
   760 | D:2      | Noticed a sky beast
   786 | D:2      | Killed a sky beast
   786 | D:2      | Reached skill level 5 in Stealth
   786 | D:2      | Reached XP level 4. HP: 19/30 MP: 4/4
   786 | D:2      | Reached XP level 5. HP: 22/35 MP: 5/5
   839 | D:2      | Noticed Robin
   853 | D:2      | Noticed a phantom
   883 | D:2      | Killed Robin
  1095 | D:2      | Killed a phantom
  1095 | D:2      | Reached skill level 5 in Short Blades
  1095 | D:2      | Reached skill level 1 in Slings
  1095 | D:2      | Reached XP level 6. HP: 15/41 MP: 6/6
  1148 | D:2      | Slain by a gnoll

Levels and vault maps discovered:
D:1:      saegor_arrival_simple_a, layout_loops_ring, st_stairs_13,
          grunt_decor_clamped, chequers_arboretum, serial_park_tiny_1
D:2:      layout_rooms, chequers_ecumenical_altar_island, uniq_robin,
          uniq_jessica, uniq_terence

Skill      XL: |  1  2  3  4  5 |
---------------+----------------+-----
Fighting       | 2 |  2.8
Short Blades   | 3 4 5 |  5.0
Dodging        | 2 |  2.9
Stealth        | 5 |  5.3
Slings         | 1 |  1.4
Throwing       | |  2.0

Action                   |  1- 3 |  4- 6 || total
-------------------------+-------+-------++-------
Melee: Dagger            |    54 |    65 ||   119
 Fire: Hunting sling     |       |    45 ||    45
Throw: Dart              |     9 |       ||     9
  Use: Potion            |       |     3 ||     3
 Stab: Sleeping          |     6 |     3 ||     9
       Invisible         |       |     7 ||     7
  Eat: Chunk             |       |     1 ||     1
Armor: Robe              |    14 |     8 ||    22
Dodge: Dodged            |    34 |    61 ||    95
